Map: Prion Terraces

Players

NoobSmasher - Winner!

  • Race: Protoss Protoss
  • League: Gold

Theorems

  • Race: Terran Terran
  • League: Gold

VOD

Have the link to the VOD?

Description

Time

  • Played on: Dec. 4, 2015, 9:02 p.m.
  • Length: 6:42
Show
View Real Time Build Order
Export as new Build Order

NoobSmasher Protoss - Winner!

Build Orders:  

Get SALT Encoding   

  12  0:01  Probe (Chrono Boost)  
  13  0:11  Probe (Chrono Boost)  
  14  0:17  Pylon  
  14  0:22  Probe (Chrono Boost)  
  15  0:36  Probe (Chrono Boost)  
  15  0:37  Gateway  
  16  0:46  Probe (Chrono Boost)  
  16  0:48  Assimilator  
  18  0:57  Probe (Chrono Boost)  
  18  1:03  Gateway  
  18  1:07  Probe (Chrono Boost)  
  19  1:17  Pylon  
  19  1:19  Probe (Chrono Boost)  
  20  1:28  Cybernetics Core  
  20  1:31  Probe (Chrono Boost)  
  21  1:39  Zealot (Chrono Boost)  
  23  1:42  Probe  
  24  1:51  Zealot (Chrono Boost)  
  26  1:55  Assimilator  
  26  1:56  Probe  
  27  2:05  Adept (Chrono Boost)  
  27  2:07  Warp Gate (Chrono Boost)  
  29  2:20  Adept  
  31  2:40  Nexus  
  31  2:58  Pylon  
  31  3:00  Robotics Facility  
  31  3:16  Probe  
  32  3:34  Gateway  
  32  3:35  Gateway  
  32  3:37  Forge  
  32  3:45  Probe (Chrono Boost)  
  33  3:54  Observer  
  34  4:13  Probe (Chrono Boost)  
  34  4:14  Protoss Ground Armor Level 1 (Chrono Boost)  
  34  4:16  Sentry x2  
  33  4:33  Probe  
  33  4:36  Probe  
  35  4:45  Probe  
  36  4:46  Warp Prism  
  36  4:47  Probe  
  36  4:51  Adept, Assimilator  
  36  4:52  Adept x3  
  47  4:58  Probe  
  48  5:00  Probe  
  48  5:06  Robotics Bay  
  49  5:09  Pylon  
  49  5:10  Probe  
  49  5:13  Probe  
  51  5:27  Probe  
  51  5:28  Probe  
  53  5:33  Assimilator  
  51  5:42  Probe  
  51  5:43  Probe  
  53  5:51  Immortal, Gateway  
  53  5:53  Gateway  
  57  6:03  Adept x2  
  61  6:11  Pylon  
  61  6:13  Pylon  
  57  6:34  Stalker x4  
Show
View Real Time Build Order
Export as new Build Order

Theorems Terran 

Build Orders:  

Get SALT Encoding   

  12  0:01  SCV  
  13  0:13  SCV  
  14  0:19  Supply Depot  
  14  0:25  SCV  
  15  0:40  SCV  
  16  0:44  Barracks  
  16  0:52  SCV  
  17  1:02  Refinery  
  17  1:04  SCV  
  18  1:16  SCV  
  19  1:29  SCV  
  20  1:33  Supply Depot  
  20  1:41  SCV  
  21  1:47  Command Center  
  21  1:51  Marine  
  21  1:53  SCV  
  24  2:11  Marine  
  24  2:14  Orbital Command  
  24  2:20  Factory  
  24  2:28  Bunker  
  24  2:35  Supply Depot  
  24  2:37  Barracks Reactor  
  24  2:47  SCV  
  25  2:54  Refinery  
  25  2:59  SCV  
  25  3:04  SCV  
  27  3:11  SCV  
  28  3:13  Marine  
  28  3:14  Marine  
  31  3:22  Barracks  
  31  3:23  SCV  
  29  3:36  SCV  
  29  3:37  Barracks  
  30  3:41  Starport  
  30  3:48  SCV  
  18  4:31  Marine x2  
  15  4:41  SCV  
  15  4:43  Factory Tech Lab  
  16  4:48  Marine  
  17  4:53  SCV  
  18  5:10  Liberator  
  18  5:11  Marine x2  
  20  5:26  Siege Tank  
  23  5:29  Marine  
  23  5:34  SCV  
  25  5:40  Marine x2  
  27  5:46  SCV, Marine  
  29  5:52  SCV  
  30  5:57  Marine  
  30  5:58  SCV, Marine  
  29  6:04  SCV  
  29  6:10  SCV  
  29  6:16  SCV  
  20  6:29  SCV  
Tags
 
Add a new tag
Caveats
  • Supply blocks, unpowered buildings, or Contaminate may cause inaccurate times.
  • Supply counts are checked every 10 seconds.